[Event "2026 European Womens Championship"]
[Site "Batumi, GE"]
[Date "2026.06.01"]
[Round "7"]
[White "Maltsevskaya, Aleksandra"]
[Black "Odisharia, Teona"]
[Result "1-0"]
[Board "86"]
[TimeControl "5400+30"]
[WhiteFideId "24174041"]
[BlackFideId "13602322"]
[WhiteElo "2390"]
[BlackElo "2167"]
[WhiteTitle "IM"]
[BlackTitle "WFM"]
[WhiteClock "0:16:17"]
[BlackClock "0:02:59"]
[Variant "Standard"]

1. e4 c5 2. Nc3 d6 3. Bb5+ Bd7 4. Bxd7+ Qxd7 5. d4 cxd4 6. Qxd4 Nc6 7. Qd3 Nf6 8. Nf3 g6 9. Bg5 Bg7 10. O-O h6 11. Bd2 O-O 12. Nd5 Kh7 13. Rfe1 Ng4 14. Rad1 Rac8 15. Bc3 Rfd8 16. h3 Nge5 17. Nxe5 Nxe5 18. Bxe5 Bxe5 19. c3 e6 20. Ne3 Qa4 21. a3 f5 22. exf5 gxf5 23. Ng4 Qb3 24. Rd2 Bg7 25. Nh2 Rc5 26. Rde2 Rd5 27. Qf3 Re5 28. Qh5 Rf8 29. Rxe5 dxe5 30. Rd1 e4 31. Qe2 Qb6 32. Nf1 Rd8 33. Rd2 Bf6 34. g3 Bg5 35. Rxd8 Qxd8 36. h4 Bf6 37. Qc4 Qd7 38. Ne3 Kg6 39. Kg2 Be7 40. g4 Kf6 41. gxf5 exf5 42. Qg8 Bc5 43. Nd5+ Ke5 44. c4 Kd4 45. b3 Bxa3 46. Qg3 Bb2 47. Qe3+ Ke5 48. Qxh6 Qf7 49. Qh8+ Kd6 50. Qxb2 Qg6+ 51. Kh2 Qg4 52. Qa3+ Ke5 53. Qa1+ Kd6 54. Qf6+ 1-0

[Event "2026 European Womens Championship"]
[Site "Batumi, GE"]
[Date "2026.06.01"]
[Round "7"]
[White "Dwilewicz, Katarzyna"]
[Black "Mammadova, Gulnar"]
[Result "0-1"]
[Board "88"]
[TimeControl "5400+30"]
[WhiteFideId "1148486"]
[BlackFideId "13403508"]
[WhiteElo "2131"]
[BlackElo "2325"]
[WhiteTitle "WIM"]
[BlackTitle "IM"]
[WhiteClock "0:06:17"]
[BlackClock "0:22:19"]
[Variant "Standard"]

1. e4 c5 2. Nf3 e6 3. d4 cxd4 4. Nxd4 Nc6 5. Nc3 Nf6 6. Ndb5 Bc5 7. Bf4 O-O 8. Bc7 Qe7 9. Bd6 Bxd6 10. Qxd6 Qd8 11. O-O-O a6 12. Nd4 Qb6 13. Nxc6 bxc6 14. f3 Ne8 15. Qd2 d5 16. h4 Rb8 17. b3 f5 18. exf5 exf5 19. h5 h6 20. Rh4 Nf6 21. Kb2 Qd8 22. g3 Qe8 23. Re1 Qf7 24. Ra4 Nxh5 25. Bxa6 Bxa6 26. Rxa6 Qb7 27. Ra4 Nxg3 28. Rg1 Qc7 29. Qf4 Qxf4 30. Rxf4 Nh5 31. Rh4 Nf6 32. Rxh6 Rbe8 33. Rhg6 Rf7 34. a4 Re3 35. a5 Kh7 36. a6 d4 37. Na4 Re5 38. Nb6 Ra5 39. Nc4 Rxa6 40. R6g5 Rfa7 41. Kc1 d3 42. Kd2 dxc2 43. Rxf5 Ra2 44. Rfg5 Rd7+ 45. Kc1 Nd5 46. Ne5 Nf4 47. Rh5+ Nxh5 48. Nxd7 Ra1+ 0-1

[Event "2026 European Womens Championship"]
[Site "Batumi, GE"]
[Date "2026.06.01"]
[Round "7"]
[White "Vidic, Teja"]
[Black "Szczotka, Klara"]
[Result "1-0"]
[Board "89"]
[TimeControl "5400+30"]
[WhiteFideId "14605511"]
[BlackFideId "21858845"]
[WhiteElo "2123"]
[BlackElo "2241"]
[WhiteTitle "WIM"]
[BlackTitle "WFM"]
[WhiteClock "0:20:46"]
[BlackClock "0:02:51"]
[Variant "Standard"]

1. e4 c6 2. d4 d5 3. Nc3 dxe4 4. Nxe4 Bf5 5. Ng3 Bg6 6. h4 h6 7. Nf3 Nd7 8. h5 Bh7 9. Bd3 Bxd3 10. Qxd3 e6 11. Bd2 Ngf6 12. O-O-O Be7 13. Ne4 Nxe4 14. Qxe4 Nf6 15. Qe2 Qd5 16. Kb1 b5 17. Ne5 a5 18. f3 a4 19. a3 O-O 20. Qe1 Rfc8 21. g4 Nh7 22. f4 c5 23. g5 cxd4 24. gxh6 d3 25. Nxd3 Bf6 26. Ne5 Bxe5 27. fxe5 Qc4 28. Rc1 gxh6 29. Bxh6 Kh8 30. Rg1 Rg8 31. Qf2 Qc7 32. Rcf1 Rac8 33. Rxg8+ Rxg8 34. Qxf7 Qxf7 35. Rxf7 Rg1+ 36. Ka2 Rh1 37. Re7 Kg8 38. Rxe6 Rxh5 39. Rg6+ 1-0

[Event "2026 European Womens Championship"]
[Site "Batumi, GE"]
[Date "2026.06.01"]
[Round "7"]
[White "Ismayil, Malak"]
[Black "Peglau, Charis"]
[Result "1-0"]
[Board "90"]
[TimeControl "5400+30"]
[WhiteFideId "13412604"]
[BlackFideId "16219996"]
[WhiteElo "2122"]
[BlackElo "2238"]
[WhiteTitle "WIM"]
[BlackTitle "WFM"]
[WhiteClock "0:02:02"]
[BlackClock "0:03:49"]
[Variant "Standard"]

1. Nf3 Nf6 2. b3 b6 3. Bb2 Bb7 4. e3 g6 5. d4 Bg7 6. Bd3 c5 7. Nbd2 O-O 8. c4 cxd4 9. exd4 d5 10. Qe2 Nc6 11. O-O e6 12. Rac1 Rc8 13. a3 Qe7 14. c5 bxc5 15. dxc5 a5 16. Bb5 Nd7 17. Bxg7 Kxg7 18. Bxc6 Bxc6 19. b4 axb4 20. axb4 Ba8 21. Nd4 e5 22. f4 Rb8 23. b5 Nxc5 24. Qxe5+ Qxe5 25. fxe5 Rfc8 26. N2f3 Ne4 27. Ra1 h6 28. Ra7 Rb7 29. Ra5 Rb6 30. e6 f6 31. h3 Nd6 32. Ra6 Rxa6 33. bxa6 Nc4 34. Rb1 Kf8 35. Nh4 Ne5 36. a7 Ke8 37. Rb8 Rd8 38. Nb5 Bc6 39. Nc7+ Ke7 40. Rxd8 Kxd8 41. a8=Q+ Bxa8 42. Nxa8 Ke7 43. Nc7 Kd6 44. e7 Kxe7 45. Nxd5+ Ke6 46. Nf4+ Kf7 47. Nf3 Nc4 48. Kf2 f5 49. Nd3 Kf6 50. Nb4 g5 51. Nd5+ Ke6 52. Ne3 Nd6 53. Ke2 Kf6 54. Kd3 Ne4 55. Nd2 Nc5+ 56. Kc4 Ne6 57. Nf3 h5 58. Nd5+ Kg6 59. Nd4 Ng7 60. Kc5 h4 61. Kd6 Nh5 62. Ke5 f4 63. Nf3 Ng3 64. Nxf4+ gxf4 65. Nxh4+ Kh5 66. Nf3 Ne2 67. Kf5 Kh6 68. Kg4 Kg6 69. Ne5+ Kf6 70. Nd3 Nd4 71. Nxf4 Nf5 72. Nd5+ Kg6 73. Kf4 Nd4 74. g4 Ne6+ 75. Ke5 Ng5 76. Nf4+ Kh6 77. Kf5 Nf3 78. Ne6 Nh4+ 79. Kf6 Ng6 80. Nd4 Nf4 81. Nf5 Kh7 82. g5 Kg8 83. Ne7+ Kh7 84. h4 Nh5+ 85. Kf7 Ng7 86. Nd5 Nf5 87. h5 Ng7 88. Nf6 Kh8 89. Kg6 Ne6 90. Kh6 Nf4 91. Ng4 Kg8 92. g6 Ne6 93. Nf6+ Kh8 94. Ne8 Kg8 95. g7 Kf7 96. Kh7 1-0

[Event "2026 European Womens Championship"]
[Site "Batumi, GE"]
[Date "2026.06.01"]
[Round "7"]
[White "Purtseladze, Maka"]
[Black "Shuqja, Klean"]
[Result "1-0"]
[Board "91"]
[TimeControl "5400+30"]
[WhiteFideId "13602659"]
[BlackFideId "4701585"]
[WhiteElo "2237"]
[BlackElo "2092"]
[WhiteTitle "IM"]
[BlackTitle "WFM"]
[WhiteClock "0:33:44"]
[BlackClock "0:22:25"]
[Variant "Standard"]

1. d4 Nf6 2. c4 e6 3. Nf3 d5 4. Nc3 c5 5. cxd5 cxd4 6. Qxd4 exd5 7. Bg5 Be7 8. e3 O-O 9. Be2 h6 10. Bh4 Nc6 11. Qd3 Qb6 12. O-O Qxb2 13. Rab1 Qa3 14. Bxf6 Bxf6 15. Nxd5 Qd6 16. Nxf6+ Qxf6 17. Qb5 b6 18. Rfd1 Bb7 19. Rd7 Na5 20. Qe5 Qxe5 21. Nxe5 Rae8 22. Nc4 Be4 23. Rbd1 Nxc4 24. Bxc4 Rc8 25. R1d4 Bf5 26. Rxa7 b5 27. Bf1 Rc1 28. g4 Be6 29. Kg2 Ra1 30. a3 Rb8 31. Rb4 Bd5+ 32. e4 Be6 33. h3 Rc8 34. Bxb5 Rc3 35. a4 Ra2 36. Bd7 Rcc2 37. Bxe6 Rxf2+ 38. Kg3 fxe6 39. Rb8+ Rf8 40. Rbb7 Ra3+ 41. Kh4 g5+ 42. Kh5 Rf6 43. Rb8+ Rf8 44. Rxf8+ Kxf8 45. Kxh6 Rxh3+ 46. Kxg5 1-0

[Event "2026 European Womens Championship"]
[Site "Batumi, GE"]
[Date "2026.06.01"]
[Round "7"]
[White "Skarbarchuk, Tetyana"]
[Black "Ivekovic, Tihana"]
[Result "1-0"]
[Board "92"]
[TimeControl "5400+30"]
[WhiteFideId "14184494"]
[BlackFideId "14517825"]
[WhiteElo "2236"]
[BlackElo "2119"]
[BlackTitle "WFM"]
[WhiteClock "0:07:06"]
[BlackClock "0:01:31"]
[Variant "Standard"]

1. c4 e5 2. Nc3 Bb4 3. Nd5 Be7 4. d4 exd4 5. Qxd4 Nf6 6. Nxe7 Qxe7 7. Bg5 Nc6 8. Qc3 d6 9. Bxf6 Qxf6 10. Qxf6 gxf6 11. e3 a5 12. Ne2 Be6 13. Nf4 Nb4 14. Kd2 O-O-O 15. Kc3 d5 16. a3 Nc6 17. cxd5 Bxd5 18. b4 Kb8 19. Be2 axb4+ 20. axb4 Ne7 21. Rhd1 Bc6 22. Bc4 Ng6 23. b5 Nxf4 24. bxc6 Rxd1 25. Rxd1 Ne6 26. cxb7 Kxb7 27. Rd5 h5 28. h4 Kc6 29. Rf5 Rh6 30. Be2 Ng7 31. Ra5 Kd6 32. Ra6+ Ke7 33. g3 Rh8 34. Ra5 Kd6 35. Bf3 Rh6 36. Kc4 Kd7 37. Rd5+ Ke7 38. Rc5 Kd7 39. Bc6+ Kd6 40. Bf3 Kd7 41. Bc6+ Kd6 42. Ba4 Ne6 43. Rd5+ Ke7 44. Rd7+ Kf8 45. e4 Rg6 46. Bd1 Rh6 47. Rd5 Ng7 48. Rc5 f5 49. exf5 Rd6 50. Bb3 c6 51. Kc3 Ne8 52. Ba4 Rf6 53. Kd4 Nd6 54. Ke5 Kg7 55. Rxc6 Rxf5+ 56. Kxd6 Rxf2 57. Rc3 Kf6 58. Bc2 Rd2+ 59. Bd3 Rg2 60. Be4 Kg7 61. Bxg2 1-0

[Event "2026 European Womens Championship"]
[Site "Batumi, GE"]
[Date "2026.06.01"]
[Round "7"]
[White "Rapport, Jovana"]
[Black "Liavonava, Yuliya"]
[Result "1-0"]
[Board "93"]
[TimeControl "5400+30"]
[WhiteFideId "937266"]
[BlackFideId "13524178"]
[WhiteElo "2235"]
[BlackElo "2118"]
[WhiteTitle "WGM"]
[BlackTitle "WFM"]
[WhiteClock "0:14:01"]
[BlackClock "0:18:23"]
[Variant "Standard"]

1. e4 c5 2. Nc3 d6 3. g3 Nc6 4. Bg2 g6 5. d3 Bg7 6. f4 Rb8 7. a4 e6 8. Nf3 Nge7 9. h4 h5 10. O-O a6 11. Ng5 Nd4 12. Ne2 Ng8 13. c3 Nxe2+ 14. Qxe2 Qe7 15. e5 d5 16. b4 cxb4 17. cxb4 Nh6 18. b5 O-O 19. Ba3 Qd8 20. Bxf8 Bxf8 21. d4 Nf5 22. Qd3 axb5 23. axb5 Qb6 24. Ra4 Bd7 25. Rb1 Rc8 26. Kh2 Qc7 27. Nf3 Be7 28. Ne1 Bd8 29. Bh3 Ne7 30. g4 hxg4 31. Bxg4 Qb8 32. Ra2 Bb6 33. Rc2 Rf8 34. Rg2 Kg7 35. Kg1 Qc7 36. Rc2 Qd8 37. Nf3 Rh8 38. Kg2 Nc8 39. Kg3 Na7 40. Ng5 f6 41. Nf3 f5 42. Bh3 Qe7 43. Bf1 Ra8 44. Ra2 Rc8 45. Qb3 Rh8 46. Rba1 Nc8 47. Qb2 Bd8 48. Ng5 Nb6 49. Ra7 Bc8 50. Rc1 Kg8 51. Rc6 Qf8 52. Rxc8 Nxc8 53. Rxb7 Qh6 54. Qh2 Bxg5 55. fxg5 f4+ 56. Kf3 Qh5+ 57. Kf2 Qg4 58. Qh3 1-0

[Event "2026 European Womens Championship"]
[Site "Batumi, GE"]
[Date "2026.06.01"]
[Round "7"]
[White "Kubicka, Anna"]
[Black "Avetisyan, Ani"]
[Result "1-0"]
[Board "94"]
[TimeControl "5400+30"]
[WhiteFideId "1152254"]
[BlackFideId "13319035"]
[WhiteElo "2226"]
[BlackElo "2052"]
[WhiteTitle "WIM"]
[WhiteClock "0:02:09"]
[BlackClock "0:02:09"]
[Variant "Standard"]

1. e4 c5 2. Nf3 e6 3. d4 cxd4 4. Nxd4 Nc6 5. Nc3 Qc7 6. Qd3 Nf6 7. Be2 a6 8. Nxc6 bxc6 9. Qg3 Qxg3 10. hxg3 d5 11. Bf3 Rb8 12. g4 Bd6 13. g5 Nd7 14. Be2 Be5 15. f4 Bd4 16. e5 g6 17. Nd1 a5 18. a4 Kf8 19. Ra3 Kg7 20. Rah3 Nc5 21. b3 Na6 22. Bxa6 Bxa6 23. Bd2 Bb6 24. Nf2 Bxf2+ 25. Kxf2 d4 26. Bxa5 d3 27. b4 dxc2 28. Rc1 Bc4 29. Rxc2 Bd5 30. g4 Rb7 31. Rcc3 Ra8 32. Rc5 Rd7 33. Rd3 Raa7 34. Ke3 h6 35. gxh6+ Kxh6 36. Rc2 Kg7 37. Rh2 Ra8 38. f5 exf5 39. gxf5 gxf5 40. Kf4 Rg8 41. b5 f6 42. Rg3+ Kf7 43. Rxg8 fxe5+ 44. Kxe5 Kxg8 45. b6 Be4 46. Bc3 Bd5 47. a5 Bc4 48. Kxf5 Ba6 49. Ke6 Rh7 50. Rg2+ 1-0

[Event "2026 European Womens Championship"]
[Site "Batumi, GE"]
[Date "2026.06.01"]
[Round "7"]
[White "Ivanytska, Liudmyla"]
[Black "Rodshtein, Tereza"]
[Result "1-0"]
[Board "95"]
[TimeControl "5400+30"]
[WhiteFideId "14176211"]
[BlackFideId "325449"]
[WhiteElo "2112"]
[BlackElo "2218"]
[BlackTitle "WGM"]
[WhiteClock "0:55:04"]
[BlackClock "0:14:14"]
[Variant "Standard"]

1. e4 e5 2. Nf3 Nc6 3. Bb5 a6 4. Ba4 Nf6 5. d3 b5 6. Bb3 Bc5 7. O-O d6 8. c3 O-O 9. h3 Bb6 10. Re1 Be6 11. Bc2 Ne7 12. Nbd2 Ng6 13. Nf1 h6 14. d4 exd4 15. Nxd4 Bd7 16. Ng3 Nh7 17. f4 Qh4 18. Qf3 Rae8 19. Bd2 Ne5 20. Qf2 Nc4 21. Bc1 f5 22. b3 Ne5 23. exf5 Bxd4 24. cxd4 Nc6 25. Bd2 Nxd4 26. Qxd4 Qxg3 27. Ba5 Nf6 28. Rad1 Bc6 29. Qf2 Qxf2+ 30. Kxf2 Ne4+ 31. Bxe4 Bxe4 32. Bxc7 d5 33. g4 Rc8 34. Rc1 Rf6 35. Rc5 h5 36. Rec1 hxg4 37. hxg4 Rh6 38. Kg3 Rh1 39. R1c3 d4 40. Be5 Rxc5 41. Rxc5 d3 42. Rc8+ Kf7 43. Bd6 Rg1+ 44. Kh4 Rxg4+ 45. Kxg4 Bxf5+ 46. Kxf5 g6+ 47. Ke5 d2 48. Rf8+ Kg7 49. Rd8 1-0

[Event "2026 European Womens Championship"]
[Site "Batumi, GE"]
[Date "2026.06.01"]
[Round "7"]
[White "Ibrahimova, Sabina"]
[Black "Tashkinova, Sofiia"]
[Result "1-0"]
[Board "96"]
[TimeControl "5400+30"]
[WhiteFideId "13403893"]
[BlackFideId "14188309"]
[WhiteElo "2205"]
[BlackElo "2085"]
[WhiteTitle "WIM"]
[BlackTitle "WFM"]
[WhiteClock "0:01:45"]
[BlackClock "0:19:47"]
[Variant "Standard"]

1. Nf3 Nf6 2. c4 e6 3. g3 d5 4. d4 Bb4+ 5. Nbd2 O-O 6. Bg2 b6 7. O-O Bb7 8. b3 Be7 9. Bb2 c5 10. e3 Nc6 11. Rc1 Nb4 12. Ra1 Nc6 13. a3 Rc8 14. Rc1 Qc7 15. cxd5 Nxd5 16. dxc5 bxc5 17. Ne4 Qb6 18. Qc2 Na5 19. Neg5 f5 20. e4 Nc7 21. exf5 Qxb3 22. Qb1 exf5 23. Nd2 Qb6 24. Qa2+ c4 25. Nxc4 Qb3 26. Qxb3 Nxb3 27. Bxb7 Rb8 28. Rcd1 Bxg5 29. Rd7 Rf7 30. Rfd1 Nc5 31. Rxf7 Kxf7 32. Bf3 N7e6 33. Be5 Rb3 34. Be2 Bf6 35. Bd6 Ne4 36. Ne5+ Bxe5 37. Bxe5 N4c5 38. a4 Ra3 39. Bb5 a6 40. Bc6 Rd3 41. Rb1 Rb3 42. Rxb3 Nxb3 43. Bd5 Nbc5 44. a5 g5 45. Kf1 Ke7 46. Bc4 Nd8 47. Ke2 Nc6 48. Bc3 Nb7 49. Bxa6 Nbxa5 50. Bc8 f4 51. gxf4 gxf4 52. Kf3 Nc4 53. Bf5 h6 54. Kxf4 Kf7 55. Bc2 Nd6 56. Kg4 Nb5 57. Bd2 Ncd4 58. Bd3 Kg7 59. Kh5 Nd6 60. Bc3 1-0

[Event "2026 European Womens Championship"]
[Site "Batumi, GE"]
[Date "2026.06.01"]
[Round "7"]
[White "Tsiganova, Monika"]
[Black "Siekanska, Maria"]
[Result "0-1"]
[Board "97"]
[TimeControl "5400+30"]
[WhiteFideId "4500199"]
[BlackFideId "21852650"]
[WhiteElo "2039"]
[BlackElo "2203"]
[WhiteTitle "WIM"]
[BlackTitle "WIM"]
[WhiteClock "0:28:25"]
[BlackClock "0:34:36"]
[Variant "Standard"]

1. d4 d5 2. c4 c6 3. Nc3 Nf6 4. Nf3 e6 5. e3 Nbd7 6. Bd3 dxc4 7. Bxc4 b5 8. Bd3 Bd6 9. O-O O-O 10. Bd2 Bb7 11. Rc1 Rc8 12. Ne2 Qe7 13. Ng3 a6 14. e4 Bxg3 15. hxg3 c5 16. e5 Ne4 17. Be3 c4 18. Bb1 f5 19. exf6 Nexf6 20. Re1 e5 21. dxe5 Nxe5 22. Nxe5 Qxe5 23. Bf4 Qc5 24. Qd6 Qxd6 25. Bxd6 Rfd8 26. Be7 Rd2 27. Bxf6 gxf6 28. Re7 Ba8 29. Bxh7+ Kf8 30. Rce1 Rxb2 31. Bf5 Rd8 32. Ra7 c3 33. Ree7 Bd5 34. Be6 Bxe6 35. Rxe6 Rd1+ 36. Kh2 c2 37. Rxf6+ Ke8 38. Rg6 Rd7 39. Ra8+ Kf7 40. Rc6 Rxa2 41. Rac8 b4 42. Rxc2 Rxc2 43. Rxc2 b3 44. Rc6 Rb7 0-1

[Event "2026 European Womens Championship"]
[Site "Batumi, GE"]
[Date "2026.06.01"]
[Round "7"]
[White "Rudzinska, Michalina"]
[Black "Demirtas, Hafize"]
[Result "1-0"]
[Board "98"]
[TimeControl "5400+30"]
[WhiteFideId "1172883"]
[BlackFideId "6382070"]
[WhiteElo "2200"]
[BlackElo "1928"]
[WhiteTitle "WGM"]
[WhiteClock "0:10:05"]
[BlackClock "0:00:53"]
[Variant "Standard"]

1. e4 c6 2. d4 d5 3. e5 Bf5 4. Nf3 e6 5. Be2 Nd7 6. O-O a5 7. Nc3 a4 8. Bd2 a3 9. b3 h6 10. Rc1 Ne7 11. Nb1 Ng6 12. c4 Be7 13. cxd5 cxd5 14. Nc3 O-O 15. Ne1 Nh4 16. g3 Bh3 17. gxh4 Bxf1 18. Bxf1 Qb6 19. Qg4 Kh8 20. Na4 Qd8 21. Rc3 Rg8 22. Rf3 f5 23. Qh5 Qe8 24. Qxe8 Raxe8 25. Bb5 Rd8 26. h5 g5 27. hxg6 Rxg6+ 28. Kf1 Nb8 29. Nd3 Bg5 30. Bb4 Rc8 31. Bc5 h5 32. Nb6 Rcg8 33. Ke2 Bd8 34. Nf4 Rh6 35. Nd7 Bg5 36. Nh3 Nc6 37. Bxc6 bxc6 38. Bxa3 Rh7 39. Nxg5 Rxd7 40. Nxe6 Ra8 41. Bd6 Rxa2+ 42. Kd3 Rda7 43. Rxf5 Rb2 44. Nc5 Kh7 45. e6 Kg6 46. Rf8 Raa2 47. e7 Rd2+ 48. Kc3 Rac2+ 49. Kb4 Rxd4+ 50. Ka3 1-0

[Event "2026 European Womens Championship"]
[Site "Batumi, GE"]
[Date "2026.06.01"]
[Round "7"]
[White "Golsta, Madara"]
[Black "Rodriguez Redondo, Adhara"]
[Result "1/2-1/2"]
[Board "99"]
[TimeControl "5400+30"]
[WhiteFideId "11607386"]
[BlackFideId "32065698"]
[WhiteElo "2023"]
[BlackElo "2200"]
[BlackTitle "WFM"]
[WhiteClock "0:05:38"]
[BlackClock "0:02:35"]
[Variant "Standard"]

1. e4 e5 2. Nf3 Nc6 3. Nc3 Nf6 4. d4 exd4 5. Nxd4 Bb4 6. Nxc6 bxc6 7. Bd3 O-O 8. O-O d5 9. exd5 cxd5 10. Bg5 Be6 11. Qf3 h6 12. Bxf6 Qxf6 13. Qxf6 gxf6 14. Ne2 c5 15. c3 Ba5 16. Ng3 Bc7 17. Nh5 f5 18. f4 c4 19. Bc2 Bb6+ 20. Kh1 d4 21. cxd4 Bxd4 22. Rab1 Rfd8 23. Ng3 Rd5 24. b3 Ra5 25. bxc4 Rxa2 26. Nxf5 Bf6 27. Nxh6+ Kf8 28. Bb3 Ra3 29. f5 Bd7 30. Ng4 Kg7 31. Rbd1 Rxb3 32. Rxd7 a5 33. Nxf6 Kxf6 34. Rd6+ Ke5 35. c5 a4 36. h3 a3 37. Rdd1 Rc8 38. Rc1 Rc6 39. Rf2 Kd5 40. f6 Kd4 41. Kh2 Rb2 42. Rf4+ Ke5 43. Ra4 a2 44. Ra1 Kxf6 45. R1xa2 Rxa2 46. Rxa2 Rxc5 47. h4 Kg6 48. Ra6+ f6 49. Kh3 Rb5 50. Ra8 Rb3+ 51. g3 Rb4 52. Rg8+ Kh7 53. Rg4 Rb5 54. Rf4 Kg7 55. Kg4 Ra5 56. Rf5 Ra3 57. Rb5 Ra1 58. Rb7+ Kg6 59. Rb4 Ra5 60. Rf4 Rb5 61. h5+ Kg7 62. Kh4 Rb1 63. Rg4+ Kf7 64. Rc4 Kg7 65. Kg4 Rb5 66. Rf4 Ra5 67. Rf5 Ra4+ 68. Kh3 Ra1 69. Rd5 Ra4 70. g4 Rf4 71. Rd7+ Kh6 72. Kg3 Rf1 73. Rf7 Kg5 74. Rg7+ Kh6 75. Rg6+ Kh7 76. Kh3 Rf3+ 77. Kh4 Rf4 78. Kg3 Rf1 79. Kg2 Rf4 80. Kg3 1/2-1/2

[Event "2026 European Womens Championship"]
[Site "Batumi, GE"]
[Date "2026.06.01"]
[Round "7"]
[White "Radikovic, Anamarija"]
[Black "Calzetta Ruiz, Monica"]
[Result "0-1"]
[Board "100"]
[TimeControl "5400+30"]
[WhiteFideId "14546264"]
[BlackFideId "2204185"]
[WhiteElo "1974"]
[BlackElo "2199"]
[WhiteTitle "WFM"]
[BlackTitle "WGM"]
[WhiteClock "0:08:43"]
[BlackClock "0:18:52"]
[Variant "Standard"]

1. d4 d5 2. c4 e6 3. Nc3 c5 4. cxd5 exd5 5. Nf3 Nc6 6. g3 Nf6 7. Bg2 cxd4 8. Nxd4 Bc5 9. Nxc6 bxc6 10. O-O O-O 11. Na4 Bb6 12. Qc2 Bd7 13. Nxb6 axb6 14. b4 Re8 15. e3 h5 16. h3 Ne4 17. Bb2 Qg5 18. Kh2 Qg6 19. Qd1 h4 20. Qe1 hxg3+ 21. fxg3 c5 22. a3 Rad8 23. Rd1 d4 24. exd4 Ng5 25. Qc3 cxb4 26. Qxb4 Bxh3 27. Rd2 Bxg2 28. Kxg2 Qe4+ 0-1

[Event "2026 European Womens Championship"]
[Site "Batumi, GE"]
[Date "2026.06.01"]
[Round "7"]
[White "Ptacnikova, Lenka"]
[Black "Gvetadze, Sofio"]
[Result "0-1"]
[Board "101"]
[TimeControl "5400+30"]
[WhiteFideId "305650"]
[BlackFideId "13601440"]
[WhiteElo "2126"]
[BlackElo "2311"]
[WhiteTitle "WGM"]
[BlackTitle "IM"]
[WhiteClock "0:17:52"]
[BlackClock "0:39:59"]
[Variant "Standard"]

1. c4 Nf6 2. Nf3 g6 3. d4 Bg7 4. g3 c5 5. Bg2 O-O 6. O-O Na6 7. Nc3 d6 8. h3 Bd7 9. Kh2 Rc8 10. b3 Qa5 11. Bd2 cxd4 12. Nd5 Qd8 13. Nxf6+ Bxf6 14. Bh6 Re8 15. Nxd4 Nc5 16. Qd2 Qb6 17. Rad1 a5 18. Nc2 Bc6 19. f3 Qa6 20. Nd4 b5 21. Nxc6 Rxc6 22. f4 Rc7 23. cxb5 Qxb5 24. f5 Nd7 25. Bd5 Ne5 26. g4 Qb4 27. Rc1 Rxc1 28. Rxc1 Nxg4+ 29. hxg4 Qxg4 30. fxg6 Be5+ 31. Kh1 Qh3+ 32. Kg1 Bh2+ 33. Kf2 Qg3+ 0-1

[Event "2026 European Womens Championship"]
[Site "Batumi, GE"]
[Date "2026.06.01"]
[Round "7"]
[White "Aghaverdiyeva, Maryam"]
[Black "Urh, Zala"]
[Result "1/2-1/2"]
[Board "102"]
[TimeControl "5400+30"]
[WhiteFideId "13452509"]
[BlackFideId "14611481"]
[WhiteElo "2103"]
[BlackElo "2263"]
[WhiteTitle "WFM"]
[BlackTitle "WIM"]
[WhiteClock "0:15:52"]
[BlackClock "0:04:06"]
[Variant "Standard"]

1. e4 c5 2. Nf3 Nc6 3. d4 cxd4 4. Nxd4 Nf6 5. Nc3 e5 6. Ndb5 d6 7. Nd5 Nxd5 8. exd5 Ne7 9. c4 Ng6 10. Qa4 Bd7 11. Qb4 Qb8 12. h4 h5 13. g3 Be7 14. Be2 f5 15. Bg5 a6 16. Bxe7 Kxe7 17. Nc3 Qc7 18. O-O Rag8 19. Rfe1 Kf7 20. Bd3 Rh6 21. Kg2 Ne7 22. Ne2 g5 23. hxg5 Rxg5 24. Rh1 h4 25. Qd2 Rgg6 26. Rac1 b6 27. b4 Qc8 28. Rh2 Qh8 29. Rch1 Kg7 30. Qe3 Nc8 31. c5 bxc5 32. bxc5 Qg8 33. Rxh4 Rxh4 34. Rxh4 Qxd5+ 35. Kh2 dxc5 36. Nc3 Qd6 37. Qf3 Rh6 38. Qd5 e4 39. Qxd6 Rxd6 40. Be2 Ne7 41. Kg2 a5 42. Rh1 Bc6 43. Rd1 Rxd1 44. Nxd1 Kf6 45. Kf1 Ke5 46. Ke1 Kd4 47. Kd2 Bd5 48. a3 Bc4 49. Bh5 Bd3 50. Bf7 c4 51. Be6 Ke5 52. Bf7 Kf6 53. Be8 Nc8 54. Kc3 Nd6 55. Bd7 Kg5 56. Kd4 f4 57. Ke5 fxg3 58. fxg3 Nf7+ 59. Kd4 Kf6 60. Ne3 Ng5 61. Bb5 Nf3+ 62. Kc3 Ng1 63. Bxc4 Ne2+ 64. Kd2 Bxc4 65. Nxc4 Nxg3 66. Ke3 a4 67. Kf4 Ne2+ 68. Kxe4 Nc3+ 69. Kd3 Nb5 70. Nb2 Nxa3 71. Nxa4 Ke5 1/2-1/2

[Event "2026 European Womens Championship"]
[Site "Batumi, GE"]
[Date "2026.06.01"]
[Round "7"]
[White "Tsetskhladze, Mariam"]
[Black "Mkrtchyan, Anahit H."]
[Result "0-1"]
[Board "103"]
[TimeControl "5400+30"]
[WhiteFideId "13623834"]
[BlackFideId "13314858"]
[WhiteElo "2234"]
[BlackElo "2107"]
[WhiteTitle "WFM"]
[WhiteClock "0:00:53"]
[BlackClock "0:01:26"]
[Variant "Standard"]

1. e4 c5 2. Nf3 e6 3. c3 Nf6 4. e5 Nd5 5. Bc4 Nc6 6. d4 d6 7. O-O dxe5 8. dxe5 Be7 9. Qe2 Qc7 10. Rd1 O-O 11. h4 Rd8 12. h5 h6 13. Bd3 Bd7 14. a3 b5 15. Bc2 Be8 16. Nbd2 c4 17. Nf1 Bc5 18. a4 Na5 19. axb5 Nb3 20. Bxb3 cxb3 21. Nd4 Bxd4 22. Rxd4 Rab8 23. Bd2 Ne7 24. Rxd8 Rxd8 25. c4 Rd4 26. Ne3 Re4 27. Bc3 Nf5 28. Qf3 Rh4 29. Nxf5 exf5 30. Qa8 Qd7 31. Qxa7 Rxc4 32. b6 Qd5 33. b7 Rg4 34. Kf1 Bb5+ 35. Ke1 Re4+ 0-1

[Event "2026 European Womens Championship"]
[Site "Batumi, GE"]
[Date "2026.06.01"]
[Round "7"]
[White "Liashkevich, Lizaveta"]
[Black "Mamedjarova, Turkan"]
[Result "0-1"]
[Board "104"]
[TimeControl "5400+30"]
[WhiteFideId "13518658"]
[BlackFideId "13402005"]
[WhiteElo "2079"]
[BlackElo "2222"]
[WhiteTitle "WFM"]
[BlackTitle "WGM"]
[WhiteClock "0:15:46"]
[BlackClock "0:11:02"]
[Variant "Standard"]

1. e4 e5 2. Nf3 Nc6 3. Bb5 a6 4. Ba4 Nf6 5. O-O Be7 6. Re1 b5 7. Bb3 d6 8. c3 O-O 9. h3 Nb8 10. d4 Nbd7 11. Bc2 Re8 12. Nbd2 Bb7 13. Nf1 Bf8 14. Ng3 g6 15. a4 c5 16. d5 c4 17. Bg5 h6 18. Be3 Nc5 19. Qd2 Kh7 20. Ra2 Qc7 21. Kh1 Reb8 22. Nh2 Bc8 23. Rf1 Bg7 24. f4 Bd7 25. Rf3 exf4 26. Rxf4 Be8 27. Rh4 h5 28. Nf3 Nd3 29. Bxd3 cxd3 30. Qxd3 bxa4 31. e5 dxe5 32. Nxh5 Nxh5 33. Rxh5+ Kg8 34. d6 Qb7 35. Rh4 Qb3 36. Ra3 Qxb2 37. c4 Bc6 38. Nd2 Re8 39. Bc5 e4 40. Nxe4 Qc1+ 41. Kh2 Be5+ 42. g3 Rab8 43. Ra2 Rb3 44. Qd2 Qxd2+ 45. Rxd2 Bxe4 46. Rxe4 Bxg3+ 47. Kg2 Rxe4 48. d7 Bh4 49. Bf2 Bd8 50. c5 a3 51. c6 Rb2 0-1

[Event "2026 European Womens Championship"]
[Site "Batumi, GE"]
[Date "2026.06.01"]
[Round "7"]
[White "Bashylina, Luisa"]
[Black "Hayrapetyan, Nvard"]
[Result "1-0"]
[Board "105"]
[TimeControl "5400+30"]
[WhiteFideId "12983292"]
[BlackFideId "13316460"]
[WhiteElo "2208"]
[BlackElo "2057"]
[WhiteTitle "WFM"]
[BlackTitle "WFM"]
[WhiteClock "0:19:21"]
[BlackClock "0:00:49"]
[Variant "Standard"]

1. d4 Nf6 2. c4 e6 3. Nc3 Bb4 4. e3 O-O 5. Bd2 d5 6. Nf3 b6 7. cxd5 exd5 8. Rc1 Bd6 9. Nb5 c5 10. dxc5 bxc5 11. Bc3 Bb7 12. Nxd6 Qxd6 13. Bxf6 Qxf6 14. Rxc5 Qxb2 15. Rc2 Qb6 16. Be2 Nd7 17. O-O Rac8 18. Nd4 Nc5 19. Qa1 Ne6 20. Rxc8 Rxc8 21. Rb1 Qc7 22. h3 Re8 23. Qb2 Nxd4 24. Qxd4 Bc6 25. Qc5 Re6 26. Bf3 h6 27. Rc1 Qb7 28. Rd1 Rf6 29. h4 Qa6 30. a3 Bb7 31. h5 Qa4 32. Rb1 Qa6 33. Qe7 Rb6 34. Rxb6 Qxb6 35. Qe8+ Kh7 36. Qxf7 Qc6 37. Bg4 Bc8 38. Qg6+ 1-0